 Dungeon Crawl Stone Soup version 0.30-a0-364-gf6b3ef1049 (webtiles) character file.

Game seed: 12267165524627844620

186 RascalDebosk the Magician (level 5, -8/35 HPs)
             Began as a Djinni Fire Elementalist on Nov 15, 2022.
             Was an Initiate of Ashenzari.
             Mangled by an iguana (11 damage)
             ... on level 4 of the Dungeon.
             The game lasted 00:25:11 (2555 turns).

RascalDebosk the Magician (DjFE)                    Turns: 2555, Time: 00:25:11

Health: -8/35      AC:  2    Str:  7    XL:     5   Next: 98%
Gold:   206        EV: 12    Int: 18    God:    Ashenzari [......] SH:  0 Dex: 14

rFire   + + .      SeeInvis .    s - +0 dagger (venom)
rCold   x . .      Faith    .    (no shield)
rNeg    . . .      Spirit   .    a - +0 robe
rPois   ∞          Reflect  .    (no helmet)
rElec   .          Harm     .    (no cloak)
rCorr   .          Rampage  .    (no gloves)
Will    .....                    (boots unavailable)
Stlth   ++........               (no amulet)
HPRegen 0.25/turn                (no ring)
MPRegen 0.00/turn                (no ring)

@: flying
A: sickness immunity, fire resistance 2, cold vulnerability 1, float, innate
caster, HP casting, extra vitality 1
a: Renounce Religion, Curse Item


You were on level 4 of the Dungeon.
You worshipped Ashenzari.
Ashenzari was noncommittal.
You visited 1 branch of the dungeon, and saw 4 of its levels.

You collected 206 gold pieces.

Inventory:

Hand Weapons
 s - a +0 dagger of venom (weapon)
Missiles
 o - a throwing net {@!f}
Armour
 a - a +0 robe (worn)
Scrolls
 c - 2 scrolls of magic mapping {unknown}
 d - a scroll of noise {unknown}
 e - a scroll of enchant weapon {unknown}
 i - a scroll of fear {unknown}
 j - a scroll of vulnerability {unknown}
 l - 4 scrolls of poison {unknown}
 m - a scroll of amnesia {unknown}
 p - 2 scrolls of identify {unknown}
Potions
 b - a potion of degeneration {unknown}
 f - a potion of invisibility {unknown}
 g - 2 potions of mutation {unknown}
 h - 2 potions of curing {unknown}
 k - a potion of brilliance {unknown}
 n - 2 potions of lignification {unknown}


   Skills:
 - Level 2.1 Dodging
 - Level 1.5 Stealth
 + Level 4.8 Spellcasting


You couldn't memorise any spells.
You knew the following spells:

 Your Spells              Type           Power      Damage    Failure   Level
a - Foxfire               Conj/Fire      84%        2x1d8     1%          1
b - Scorch                Fire           42%        2d7       2%          2
c - Kindle Blastsparks    Fire/Tloc/Air  42%        2d13      5%          3
d - Inner Flame           Hex/Fire       21%        N/A       5%          3
e - Flame Wave            Conj/Fire      21%        2d8       19%         4
f - Slow                  Hex            84%        N/A       1%          1
g - Wereblood             Tmut           21%        N/A       2%          2
Your spell library was empty.

Dungeon Overview and Level Annotations

Branches:
Dungeon (4/15)
 Temple: D:4-7

Altars:
Ashenzari
Xom

Annotations:
D:4 Eustachio, Grinder, Natasha


Innate Abilities, Weirdness & Mutations

You are immune to sickness and miasma.
You are immune to poison.
Your flesh is very heat resistant. (rF++)
You are vulnerable to cold. (rC-)
You float through the air rather than walking.
You learn spells naturally, not from books.
Your magical power is your life essence.
You have superior vitality. (+4 MHP)


Message History

You fly downwards.
Level annotation: Grinder Grinder blinks!
The kobold barely misses you.
A goblin comes into view. It is wielding a +0 club.
The kobold hits you with a +0 dagger.
There is a stone staircase leading up here.
Casting: Flame Wave (extremely dangerous; 19% risk of failure)
Confirm with . or Enter, or press ? or * to list all spells.
Flames lash the kobold.
You kill the kobold!
You hear an angry hiss.
Natasha, Servant of Life and Death comes into view.
The orc priest looks braver for a moment.
Casting: Scorch (safe; 3% risk of failure)
Confirm with . or Enter, or press ? or * to list all spells.
Flames lash the orc priest.
The orc priest is heavily wounded.
The orc priest's fire resistance burns away.
Natasha stares at you and mumbles some strange words.
The magic dart hits you!
* * * LOW HITPOINT WARNING * * *
The orc priest hits you from afar with a +0 trident!
* * * LOW HITPOINT WARNING * * *
The orc priest looks encouraged for a moment.
You fly upwards.
There is a stone staircase leading down here.
You start resting.
HP restored.
You see here a +0 dagger.
There is a stone staircase leading down here.
You fly downwards.
Level annotation: Grinder, Natasha
Found a stone staircase leading down.
There is a stone staircase leading up here.
An ufetubus comes into view.
Casting: Scorch (safe; 3% risk of failure)
Confirm with . or Enter, or press ? or * to list all spells.
You can't see any susceptible monsters within range! (Use Z to cast anyway.)
Casting: Scorch (safe; 3% risk of failure)
Confirm with . or Enter, or press ? or * to list all spells.
You conjure some foxfire!
The ufetubus shouts!
The foxfire hits the ufetubus but does no damage.
The foxfire hits the ufetubus.
The ufetubus is burned terribly!
The ufetubus is heavily wounded.
Casting: Foxfire (safe; 1% risk of failure)
Confirm with . or Enter, or press ? or * to list all spells.
A cloud of volatile blastsparks flares up around you!
The ufetubus hits you. The ufetubus completely misses you.
The ufetubus closely misses you. The ufetubus hits you.
The cloud of blastsparks explodes!
The concussive blast engulfs the ufetubus!!
The ufetubus is burned terribly!
You kill the ufetubus!
The concussive blast engulfs you. You resist.
You hear an angry hiss.
You hear a shout! x2
An iguana comes into view.
The iguana hisses angrily.
The iguana moves out of view.
You start resting.
An iguana is nearby!
Casting: Kindle Blastsparks (dangerous; 5% risk of failure)
Confirm with . or Enter, or press ? or * to list all spells.
A cloud of volatile blastsparks flares up around you!
A howler monkey comes into view.
Casting: Kindle Blastsparks (dangerous; 5% risk of failure)
Confirm with . or Enter, or press ? or * to list all spells.
You conjure some foxfire!
The howler monkey howls!
The howler monkey hoots and howls with incredible vigour!
Your foxfire dissipates!
The foxfire hits the iguana but does no damage.
Casting: Foxfire (safe; 1% risk of failure)
Confirm with . or Enter, or press ? or * to list all spells.
Flames lash the iguana.
The iguana is moderately wounded.
The iguana's fire resistance burns away.
Eustachio the Magnificent comes into view.
He is wielding a +0 rapier.
The iguana closely misses you.
Casting: Scorch (safe; 2% risk of failure)
Confirm with . or Enter, or press ? or * to list all spells.
Aiming: Inner Flame (dangerous; 5% risk of failure)
Press: ? - help, Dir - move target, f - iguana
Aim: an iguana (moderately wounded, more vulnerable to fire, chance to affect: 83%)
The iguana is filled with an inner flame.
The iguana bites you!
* * * LOW HITPOINT WARNING * * *
The iguana attacks as you move away! The iguana closely misses you.
Found a grey potion.
The howler monkey hoots and howls with incredible vigour!
The iguana attacks as you move away! The iguana bites you.
* * * LOW HITPOINT WARNING * * *
Eustachio mumbles some strange words.
The cloud of blastsparks explodes!
The concussive blast engulfs the howler monkey!
The howler monkey is almost dead.
Ashenzari invites you to partake of a vision and a curse of introspection and evocations.
The iguana is no longer more vulnerable to fire.
The iguana attacks as you move away! The iguana bites you!
You die...

##. ... #.# .......
#..## #.#...# ##...##
..#.#.#.. ##.....##
###...... #.......#
#....@# #...>...#
##.h5.#
#.......###.....#..
#....@l..h##.......
#.......###<..#.#.#..
#.......# #.#.#...#
#.......# #.........
##!.....# #.##.....#
##...#.# #.. ......
#####.# ### .# #. #.#


You could see a howler monkey and an iguana (inner flame).

Vanquished Creatures
  A howler monkey (D:3)
  3 adders (D:3)
  3 gnolls (D:3)
  An ufetubus (D:4)
  A dart slug (D:2)
  5 orcs
  9 ball pythons
  7 endoplasms
  16 goblins
  9 hobgoblins
  2 quokkas
  A bat (D:2)
  A frilled lizard (D:2)
  11 kobolds
  4 rats
74 creatures vanquished.

Vanquished Creatures (others)
  112 foxfires
112 creatures vanquished.

Grand Total: 186 creatures vanquished

Notes
Turn   | Place    | Note
-------+----------+-------------------------------------------
     0 | D:1      | RascalDebosk the Djinni Fire Elementalist began the quest
                  | for the Orb.
     0 | D:1      | RascalDebosk set off with the following spells memorised:
                  | Foxfire, Scorch, Kindle Blastsparks, Inner Flame, Flame
                  | Wave.
     0 | D:1      | Reached XP level 1. HP: 15/15 MP: 0/0
   144 | D:1      | Reached XP level 2. HP: 20/21 MP: 0/0
   225 | D:1      | Reached skill level 3 in Spellcasting
   557 | D:1      | Reached XP level 3. HP: 25/25 MP: 0/0
   557 | D:1      | Learned a level 1 spell: Slow
  1184 | D:2      | Reached XP level 4. HP: 29/31 MP: 0/0
  1713 | D:3      | Reached skill level 4 in Spellcasting
  1741 | D:3      | Found a broken altar of Ashenzari.
  1747 | D:3      | Became a worshipper of Ashenzari the Shackled
  1837 | D:3      | Found a shimmering altar of Xom.
  1861 | D:3      | Reached XP level 5. HP: 27/35 MP: 0/0
  1861 | D:3      | Learned a level 2 spell: Wereblood
  2291 | D:4      | Noticed Grinder
  2409 | D:4      | Noticed Natasha
  2549 | D:4      | Noticed Eustachio
  2555 | D:4      | Mangled by an iguana

Illustrated notes

Levels and vault maps discovered:
D:1:      minmay_arrival_checkered_box, layout_loops_ring
D:2:      layout_loops_ring, st_stairs_2, serial_park_tiny_2
D:3:      layout_basic, evilmike_ruin_ashenzari, jmf_multi_god_temple,
          uniq_robin
D:4:      nicolae_cairo_tiling_large_dashed, layout_rooms, hex_medium,
          uniq_eustachio, uniq_natasha, uniq_grinder

Skill      XL: |  1  2  3  4 |
---------------+-------------+-----
Spellcasting   | 3 4 |  4.8
Dodging        | |  2.1
Stealth        | |  1.5

Action                   |  1- 3 |  4- 6 || total
-------------------------+-------+-------++-------
Melee: Dagger            |     4 |       ||     4
 Cast: Foxfire           |    60 |    17 ||    77
       Scorch            |     1 |    31 ||    32
       Inner Flame       |       |     2 ||     2
       Kindle Blastspark |       |     2 ||     2
       Flame Wave        |       |     1 ||     1
Armor: Robe              |     1 |     3 ||     4
Dodge: Dodged            |     8 |    18 ||    26

Table legend: (Time is in decaauts)
 A = Elapsed time spent in this place.
 B = Non-inter-level travel time spent in this place.
 C = Inter-level travel time spent in this place.
 D = Time resting spent in this place.
 E = Time spent auto-exploring this place.
 F = Levels seen in this place.
 G = Mean time per level.
                   A        B        C        D        E       F      G
               +--------+--------+--------+--------+--------+-----+--------+
         Total |   2555 |   2509 |     46 |    400 |   1491 |   4 |  638.8 |
       Dungeon |   2555 |   2509 |     46 |    400 |   1491 |   4 |  638.8 |
               +--------+--------+--------+--------+--------+-----+--------+

Top non-repeatable levels by time:
     D:3: 1170 daAuts
     D:2: 682 daAuts
     D:1: 666 daAuts
     D:4: 36 daAuts
